[Event "*** Titled Tuesday Blitz"]
[Site "Chess.com"]
[Date "2020.05.19"]
[Round "1"]
[White "Chessmasterzt"]
[Black "garicradomir"]
[Result "1-0"]
[WhiteElo "2575"]
[BlackElo "2281"]
[TimeControl "180+1"]
[EndTime "12:06:26 PDT"]
[Termination "Chessmasterzt won by checkmate"]

1. d4 Nf6 2. c4 Nc6 3. Nf3 e6 4. g3 g6 5. Bg2 Bg7 6. O-O O-O 7.
Nc3 d6 8. b3 Qe7 9. Bb2 a5 10.
Rc1 e5 11. Re1 e4 12. Ng5 Bf5 13. e3 h6 14. Nh3 Nb4 15. Nf4 c6 16. a3 Na6 17. f3 exf3 18. Qxf3 Bg4 19. Qf2 Rae8 20. h3 Bc8 21. Rcd1 Nc7 22. e4 Ne6 23. d5 Nxf4 24.
gxf4 Nh5 25. dxc6 bxc6 26. e5 dxe5 27. Bxc6 Nxf4 28. Kh2 Nxh3 29. Qg3 e4 30. Rxe4 Be5 31.
Rxe5 Qxe5 32. Bxe8 Qxe8 33. Re1 Qd8 34. Nd5 f5 35. Qe5 Kf7 36. Qg7# 1-0

[Event "*** Titled Tuesday Blitz"]
[Site "Chess.com"]
[Date "2020.05.19"]
[Round "1"]
[White "ClassyEl"]
[Black "Ariadna_Atreides"]
[Result "1-0"]
[WhiteElo "2492"]
[BlackElo "2065"]
[TimeControl "180+1"]
[EndTime "12:06:26 PDT"]
[Termination "ClassyEl won on time"]

1. d4 e6 2. Nf3 Nf6 3. e3 b6 4.
Bd3 Bb7 5. O-O d5 6. c4 Bd6 7. Nc3 Nbd7 8. cxd5 exd5 9. Qc2 a6 10. e4 dxe4 11.
Nxe4 O-O 12. Nxd6 cxd6 13. Bf4 Rc8 14. Qd2 d5 15. Rac1 Ne4 16. Qb4 Re8 17. Rxc8 Bxc8 18. h3 Ndf6 19. Rc1 b5 20. a4 bxa4 21. Qxa4 Qb6 22.
b3 Bd7 23. Qa3 a5 24. Bc7 Qb4 25. Qxb4 axb4 26. Ba5 Rb8 27. Ne5 Be8 28. Rc7 g6 29. f3 Nd2 30. Bc2 Kf8 31. Kf2 Kg8 32. Ke2 Nc4 33.
bxc4 b3 34. Bb1 dxc4 35. Nxc4 b2 36. Bc3 Bb5 37. Kd2 Bxc4 38. Rxc4 Nd5 39. Rc5 Nxc3 40. Kxc3 1-0

[Event "*** Titled Tuesday Blitz"]
[Site "Chess.com"]
[Date "2020.05.19"]
[Round "1"]
[White "Msb2"]
[Black "bait_or_mate"]
[Result "1-0"]
[WhiteElo "2914"]
[BlackElo "2452"]
[TimeControl "180+1"]
[EndTime "12:06:27 PDT"]
[Termination "Msb2 won by resignation"]

1. d4 Nf6 2. c4 e6 3. Nc3 Bb4 4. e3 O-O 5. Bd2 d5 6. Nf3 b6 7.
cxd5 exd5 8. Bd3 Nbd7 9. Rc1 Bb7 10. O-O Re8 11. Nb5 Bxd2 12. Nxd2 Ba6 13. Nb3 Bxb5 14.
Bxb5 Re7 15. Qd3 Nf8 16. Bc6 Rb8 17. Qa6 Ne6 18. Qxa7 Ng5 19. Qa6 h5 20. Qd3 g6 21.
f3 Kg7 22. Rfe1 Qd6 23. e4 Qf4 24. e5 Ng8 25. Qe3 Qxe3+ 26. Rxe3 Rd8 27. a4 Ne6 28. Rec3 Nh6 29. Kf2 Nf5 30. Rd1 f6 31. exf6+ Kxf6 32. Bb5 Nf4 33. Rc6+ Kg7 34. Rdc1 Ne6 35. Re1 Kf7 36.
Bd3 Rdd7 37. Bxf5 gxf5 38. Re5 Kf6 39. Nc1 Rd6 40. Rxd6 cxd6 41. Rxd5 Nf4 42. Rxd6+ Kg7 43. g3 Ne6 44. Ne2 Nc7 45. Rxb6 Nd5 46. Rb5 Ne3 47.
Re5 1-0

[Event "*** Titled Tuesday Blitz"]
[Site "Chess.com"]
[Date "2020.05.19"]
[Round "1"]
[White "aaronmaster123"]
[Black "TregubovP"]
[Result "0-1"]
[WhiteElo "2262"]
[BlackElo "2561"]
[TimeControl "180+1"]
[EndTime "12:06:27 PDT"]
[Termination "TregubovP won by checkmate"]

1. Nf3 c5 2. c4 Nc6 3. e3 e6 4.
d4 d5 5. a3 Nf6 6. dxc5 Bxc5 7.
b4 Bd6 8. Bb2 O-O 9. Nbd2 a5 10.
b5 Nb8 11. Be2 Nbd7 12. O-O Nc5 13. Qc2 b6 14. Rfd1 Bb7 15. cxd5 Bxd5 16. Nc4 Bc7 17. Nfe5 Qb8 18. f3 Bxc4 19. Nxc4 Bxh2+ 20. Kh1 Bg3 21. f4 Nce4 22. Bf3 Nf2+ 23. Kg1 Nxd1 24. Rxd1 Rd8 25. Be5 Rxd1+ 26. Qxd1 Qd8 27. Qxd8+ Rxd8 28. Nxb6 Rd2 29. Nc4 Rc2 30. Nb2 Nd7 31. Bd4 e5 32. fxe5 Nxe5 33. b6 Rc1+ 34. Bd1 Nc4 35. Nxc4 Rxd1# 0-1

[Event "*** Titled Tuesday Blitz"]
[Site "Chess.com"]
[Date "2020.05.19"]
[Round "1"]
[White "promen1999"]
[Black "Feegus"]
[Result "1-0"]
[WhiteElo "2886"]
[BlackElo "2448"]
[TimeControl "180+1"]
[EndTime "12:06:28 PDT"]
[Termination "promen1999 won on time"]

1. Nf3 Nf6 2. c4 g6 3. b3 Bg7 4. Bb2 O-O 5. g3 d5 6. cxd5 Qxd5 7. Bg2 c5 8. Nc3 Qd8 9. O-O Nc6 10. Rc1 Nd4 11. Na4 Ne6 12. Nxc5 Nxc5 13. Rxc5 b6 14. Rc2 Bb7 15. d3 Rc8 16. Rxc8 Qxc8 17. Qd2 Qa8 18.
Rc1 Rc8 19. e4 Rd8 20. Qe2 Ba6 21. Ne5 Nd7 22. Nc6 Re8 23. Bxg7 Kxg7 24. e5 Bb7 25. d4 e6 26. b4 Rc8 27. b5 a6 28. a4 axb5 29. axb5 Qa3 30. Re1 Nb8 31. d5 exd5 32. e6 Bxc6 33. bxc6 Nxc6 34. exf7 Qd6 35. Qe8 Rd8 36.
Bxd5 Nb4 37. Re6 Rxe8 38. fxe8=Q Qxd5 39. Qe7+ Kh6 40. Qh4+ Kg7 41. Re7+ 1-0

[Event "*** Titled Tuesday Blitz"]
[Site "Chess.com"]
[Date "2020.05.19"]
[Round "1"]
[White "WildTricks"]
[Black "DinaBelenkaya"]
[Result "1-0"]
[WhiteElo "2524"]
[BlackElo "2196"]
[TimeControl "180+1"]
[EndTime "12:06:30 PDT"]
[Termination "WildTricks won on time"]

1. f4 d5 2. Nf3 g6 3. g3 Bg7 4. Bg2 c6 5. O-O Nf6 6. d3 Qb6+ 7. Kh1 Ng4 8. d4 h5 9. c3 Bf5 10. Nh4 Be4 11. Bxe4 dxe4 12. f5 e3 13. fxg6 fxg6 14. Qc2 c5 15. Qxg6+ Qxg6 16. Nxg6 Rh6 17. Ne5 Re6 18.
Nxg4 hxg4 19. Rf4 cxd4 20. cxd4 Rc6 21. Nc3 Rc4 22. Bxe3 Nc6 23. Rd1 Rd8 24. Rxg4 Bxd4 25. Bxd4 Rdxd4 26. Rdxd4 Rxd4 27. Rxd4 Nxd4 28. Kg2 Kd7 29.
Kf2 e5 30. Ke3 Ke6 31. Ke4 Nf5 32. g4 Nd6+ 33. Kf3 Nc4 34. b3 Nd2+ 35. Kg3 Nf1+ 36.
Kg2 Ne3+ 37. Kf3 Nf1 38. h3 Kf6 39. Ne4+ Ke6 40. Kf2 1-0

[Event "*** Titled Tuesday Blitz"]
[Site "Chess.com"]
[Date "2020.05.19"]
[Round "1"]
[White "nabukatnezarr"]
[Black "warmoatmeal"]
[Result "1-0"]
[WhiteElo "2509"]
[BlackElo "2158"]
[TimeControl "180+1"]
[EndTime "12:06:30 PDT"]
[Termination "nabukatnezarr won by resignation"]

1. Nf3 Nf6 2. g3 d5 3. Bg2 c5 4. O-O Nc6 5. c4 d4 6. e3 e5 7. exd4 exd4 8. d3 Be7 9. Re1 O-O 10. Ne5 Nxe5 11. Rxe5 Bd6 12. Re1 Rb8 13. Bg5 h6 14. Bxf6 Qxf6 15. Nd2 b6 16. Ne4 Qd8 17. a3 Bb7 18. Qh5 f5 19. Nd2 Bxg2 20. Kxg2 Qf6 21.
Re2 Qf7 22. Qxf7+ Kxf7 23. Rae1 Rbe8 24. Rxe8 Rxe8 25. Rxe8 Kxe8 26. h3 Kf7 27. g4 Kf6 28.
gxf5 Kxf5 29. Ne4 Bc7 30. Kf3 g5 31. b3 h5 32. Nd2 Bf4 33. Ne4 a5 34. a4 Bc7 35.
Nd2 Bf4 36. Ne4 Bc7 37. Nd2 g4+ 38. hxg4+ hxg4+ 39. Ke2 Bf4 40. Nb1 Bb8 41. Na3 Kf4 42.
Nb5 Kf5 43. Na3 Kf4 44. Nc2 g3 45. fxg3+ Kxg3 46. Na3 Kg2 47. Nb1 Kg3 48. Nd2 Kf4 49. Ne4 Kg4 50. Nf6+ Kf5 51. Nd5 Ba7 52. Ne7+ Ke6 53.
Nc6 Kd6 54. Nxa7 1-0

[Event "*** Titled Tuesday Blitz"]
[Site "Chess.com"]
[Date "2020.05.19"]
[Round "1"]
[White "SketchyMoves"]
[Black "Hydrargyrum_Girl"]
[Result "1-0"]
[WhiteElo "2621"]
[BlackElo "2323"]
[TimeControl "180+1"]
[EndTime "12:06:31 PDT"]
[Termination "SketchyMoves won on time"]

1. e4 e5 2. Bc4 Nc6 3. d3 Nf6 4. Nc3 Bc5 5. a3 a5 6. h3 d6 7. Nge2 O-O 8. O-O Be6 9. Kh1 d5 10. Ba2 dxe4 11. Bxe6 fxe6 12. Bg5 exd3 13. cxd3 Be7 14.
Qb3 Nd4 15. Nxd4 exd4 16. Qxe6+ Kh8 17. Ne4 Ra6 18. Qe5 Re8 19. Bxf6 Bxf6 20. Qf4 Be5 21. Qd2 Rg6 22. f4 Bd6 23. Qxa5 Qh4 24. Qe1 Qh5 25. Qf2 Rf8 26. Nxd6 cxd6 27. Rae1 h6 28. Kh2 Qf5 29. Qxd4 1-0

[Event "*** Titled Tuesday Blitz"]
[Site "Chess.com"]
[Date "2020.05.19"]
[Round "1"]
[White "alertakobra"]
[Black "FedaMaster"]
[Result "0-1"]
[WhiteElo "2204"]
[BlackElo "2531"]
[TimeControl "180+1"]
[EndTime "12:06:31 PDT"]
[Termination "FedaMaster won by resignation"]

1. d4 Nf6 2. c4 g6 3. Nc3 d5 4.
cxd5 Nxd5 5. Bd2 Nb6 6. e4 Qxd4 7. Nf3 Qd8 8. Qc2 Bg4 9. Ne5 Be6 10. O-O-O Qc8 11.
f4 Bg7 12. Be3 O-O 13. Bd3 N8d7 14. Nf3 Bc4 15. g4 Bxd3 16. Rxd3 Nf6 17. g5 Nh5 18.
f5 Rd8 19. Rxd8+ Qxd8 20. Rd1 Qe8 21. e5 e6 22. f6 Bf8 23. Qd3 c6 24. Bxb6 axb6 25. a3 b5 26. Ne4 b4 27. axb4 Bxb4 28.
Nd6 Qb8 29. Kc2 Nf4 30. Qc4 Bxd6 31. exd6 Nd5 32. d7 Qd6 33. h4 Ne3+ 0-1

[Event "*** Titled Tuesday Blitz"]
[Site "Chess.com"]
[Date "2020.05.19"]
[Round "1"]
[White "JonahWillow"]
[Black "ErikRonka"]
[Result "1-0"]
[WhiteElo "2716"]
[BlackElo "2379"]
[TimeControl "180+1"]
[EndTime "12:06:32 PDT"]
[Termination "JonahWillow won by resignation"]

1. e4 c6 2. d4 d5 3. Nc3 dxe4 4. Nxe4 Bf5 5. Nc5 b6 6. Nb3 e6 7. Nf3 Bd6 8. g3 Ne7 9. Bg2 Nd7 10. O-O h6 11.
Re1 Qc7 12. Nbd2 Qb7 13. Nc4 Bc7 14. Nce5 Nxe5 15. Nxe5 Rd8 16. c3 O-O 17. Qf3 Nd5 18. Bd2 Bxe5 19. Rxe5 Bh7 20. Qg4 Kh8 21. Rae1 Rd7 22.
Qh4 Rfd8 23. Bxh6 gxh6 24. Qxh6 f6 25. Rxe6 Rg7 26. Bxd5 cxd5 27. Qxf6 Qf7 28. Qxd8+ Rg8 29. Re8 1-0

[Event "*** Titled Tuesday Blitz"]
[Site "Chess.com"]
[Date "2020.05.19"]
[Round "1"]
[White "TigrVShlyape"]
[Black "SchmakAttack"]
[Result "1-0"]
[WhiteElo "2817"]
[BlackElo "2423"]
[TimeControl "180+1"]
[EndTime "12:06:33 PDT"]
[Termination "TigrVShlyape won on time"]

1. d4 Nf6 2. Nf3 d5 3. Bf4 c5 4. e3 e6 5. c3 Nc6 6. Nbd2 Bd6 7. Bg3 O-O 8. Bd3 b6 9. Qe2 Bb7 10. Rd1 Qe7 11. Ne5 Qc7 12. f4 Ne7 13. Bh4 Ne4 14.
Bxe7 Bxe7 15. Nxe4 dxe4 16. Bc4 Rad8 17. O-O Bd5 18.
f5 f6 19. Ng4 Qd7 20. dxc5 Qc6 21. fxe6 1-0

[Event "*** Titled Tuesday Blitz"]
[Site "Chess.com"]
[Date "2020.05.19"]
[Round "1"]
[White "Oneofmyturns"]
[Black "martabartel"]
[Result "1-0"]
[WhiteElo "2609"]
[BlackElo "2315"]
[TimeControl "180+1"]
[EndTime "12:06:33 PDT"]
[Termination "Oneofmyturns won by resignation"]

1. d4 Nf6 2. c4 g6 3. Nc3 d5 4.
cxd5 Nxd5 5. e4 Nxc3 6. bxc3 Bg7 7. Be3 O-O 8. Qd2 c5 9. Rc1 Qa5 10. d5 e6 11. c4 Qxd2+ 12. Kxd2 exd5 13. cxd5 b6 14. Bc4 Ba6 15. Ne2 Bxc4 16. Rxc4 Nd7 17. f3 f5 18. Nf4 fxe4 19. fxe4 Ne5 20. Rc2 Ng4 21. Ne6 Nxe3 22. Kxe3 Bh6+ 23. Kd3 Rf6 24. Kc4 Re8 25. Kb5 Bf4 26. Rf1 Be5 27. Rxf6 Bxf6 28. Kc6 Be5 29. Kd7 Ra8 30. g3 h5 31. d6 Kh7 32. Ke7 a5 33. d7 Ra7 34. Rf2 c4 35. Ke8 Ra8+ 36. d8=Q Rxd8+ 37. Kxd8 c3 38. a4 1-0

[Event "*** Titled Tuesday Blitz"]
[Site "Chess.com"]
[Date "2020.05.19"]
[Round "1"]
[White "Mugzyyy"]
[Black "mamonika"]
[Result "1-0"]
[WhiteElo "2481"]
[BlackElo "1968"]
[TimeControl "180+1"]
[EndTime "12:06:33 PDT"]
[Termination "Mugzyyy won by resignation"]

1. d4 d5 2. c4 e6 3. Nf3 a6 4. Nc3 Nf6 5. Bg5 Bd6 6. e3 dxc4 7.
Bxc4 b5 8. Bd3 Bb7 9. Qc2 Nbd7 10. e4 Be7 11. O-O O-O 12. e5 Nh5 13. Bxh7+ Kh8 14.
Bxe7 Qxe7 15. Be4 Bxe4 16. Qxe4 g6 17. a3 c5 18. d5 exd5 19. Nxd5 Qd8 20. e6 Ndf6 21. Nxf6 Qxf6 22. e7 Rfe8 23. Rfe1 Ra7 24. Qe3 Raxe7 25. Qxc5 Rxe1+ 26. Rxe1 Rxe1+ 27. Nxe1 Kg7 28.
Nd3 Qe6 29. Qe5+ Qxe5 30. Nxe5 Nf4 31. g3 Ne2+ 32. Kf1 Nd4 33. Ke1 Kf6 34. Nd7+ Ke6 35.
Nc5+ Kd5 36. Nxa6 Nf3+ 37. Ke2 Nxh2 38. f3 g5 39. g4 Ke5 40. Nc7 Kf4 41. Nd5+ Kg3 42. b3 Nxf3 43. a4 Nd4+ 44. Ke3 Nxb3 45. axb5 Na5 46. Nf6 Nc4+ 47. Kd4 Nb6 48. Kc5 Na4+ 49.
Kc4 Kf4 50. Nd5+ Kxg4 51. Kb4 Kh3 52. Kxa4 g4 53. b6 g3 54. b7 g2 55. Nf4+ Kg4 56. Nxg2 1-0

[Event "*** Titled Tuesday Blitz"]
[Site "Chess.com"]
[Date "2020.05.19"]
[Round "1"]
[White "elisak43"]
[Black "zurzan"]
[Result "1-0"]
[WhiteElo "2471"]
[BlackElo "1895"]
[TimeControl "180+1"]
[EndTime "12:06:33 PDT"]
[Termination "elisak43 won by resignation"]

1. Nf3 d6 2. d4 f5 3. Nc3 g6 4. h4 Nf6 5. h5 Bg7 6. h6 Bf8 7. e4 e6 8. Bg5 Be7 9. e5 Ng4 10. Bxe7 Qxe7 11. Qd2 Nc6 12. Bb5 Bd7 13. exd6 cxd6 14.
d5 Nce5 15. Bxd7+ Qxd7 16. Nxe5 Nxe5 17. dxe6 Qxe6 18. O-O-O O-O-O 19. Rhe1 Qc4 20. Kb1 Kb8 21. Qd5 Qxd5 22. Nxd5 Ng4 23. f3 Nxh6 24. Re7 Rde8 25. Rde1 Rxe7 26. Rxe7 g5 27. a4 g4 28. f4 g3 29. a5 b6 30. a6 Ng4 31. Rb7+ Kc8 32.
Ne7+ Kd8 33. Nc6+ Ke8 34. Nxa7 Kf8 35. Nc6 Ne3 36. a7 1-0

[Event "*** Titled Tuesday Blitz"]
[Site "Chess.com"]
[Date "2020.05.19"]
[Round "1"]
[White "Glidzhian_Gor"]
[Black "Indianlad"]
[Result "0-1"]
[WhiteElo "2456"]
[BlackElo "2945"]
[TimeControl "180+1"]
[EndTime "12:06:34 PDT"]
[Termination "Indianlad won by checkmate"]

1. e4 e5 2. Nf3 Nc6 3. Bb5 a6 4. Ba4 d6 5. O-O Bd7 6. Re1 b5 7. Bb3 Na5 8. d4 exd4 9. e5 Nxb3 10. exd6+ Be6 11. axb3 Qxd6 12. Nxd4 O-O-O 13. Be3 c5 14. Qf3 Bd5 15. Qh3+ Qd7 16. Qxd7+ Rxd7 17. Ne2 Bb7 18. Nbc3 Nf6 19. Rad1 Bd6 20. Bf4 Be7 21. Rxd7 Kxd7 22.
Rd1+ Ke6 23. Ng3 g6 24. Bc7 Rc8 25. Bb6 b4 26. Na4 Nd5 27. Re1+ Kd7 28. Rd1 Ke8 29. Ba5 c4 30. Ne4 cxb3 31. cxb3 f5 32. Nd2 Rc2 33. Nc4 Nf4 34. Ne3 Rc7 35. g3 Rc6 36. gxf4 Re6 37. Bb6 g5 38. Bc5 gxf4 39. Bxe7 fxe3 40.
Bxb4 e2 41. Rc1 Rg6# 0-1

[Event "*** Titled Tuesday Blitz"]
[Site "Chess.com"]
[Date "2020.05.19"]
[Round "1"]
[White "SanchezKelvin"]
[Black "kirillshevchenko"]
[Result "0-1"]
[WhiteElo "2454"]
[BlackElo "2925"]
[TimeControl "180+1"]
[EndTime "12:06:34 PDT"]
[Termination "kirillshevchenko won by resignation"]

1. d4 Nf6 2. c4 g6 3. Nc3 d5 4.
Nf3 Bg7 5. Bg5 Ne4 6. cxd5 Nxg5 7. Nxg5 e6 8. Qd2 exd5 9. Qe3+ Kf8 10. Qf4 Bf6 11.
h4 h6 12. Nf3 Kg7 13. O-O-O c6 14. e4 dxe4 15. Nxe4 Re8 16. Bd3 Na6 17. Nxf6 Qxf6 18. Qxf6+ Kxf6 19. Bxa6 bxa6 20. Rde1 Be6 21. a3 Bd5 22.
Kd2 a5 23. Rxe8 Rxe8 24. Re1 Rb8 25. Kc2 Bxf3 26. gxf3 Rb5 27. Kc3 Rf5 28. Re3 Rf4 29.
Kc4 Rxh4 30. Re8 h5 31. Rc8 Rh1 32. Rxc6+ Kg7 33. d5 h4 34. d6 h3 35. Rc5 h2 36.
d7 Rd1 37. Rd5 Rxd5 38. Kxd5 h1=Q 39. d8=Q Qd1+ 0-1

[Event "*** Titled Tuesday Blitz"]
[Site "Chess.com"]
[Date "2020.05.19"]
[Round "1"]
[White "Susal_De_Silva"]
[Black "lucliasco"]
[Result "1/2-1/2"]
[WhiteElo "2366"]
[BlackElo "2666"]
[TimeControl "180+1"]
[EndTime "12:06:36 PDT"]
[Termination "Game drawn by repetition"]

1. e4 c5 2. Nf3 Nc6 3. Bb5 d6 4.
O-O Bd7 5. Re1 Nf6 6. c3 a6 7. Bf1 Bg4 8. h3 Bh5 9. d3 e6 10. Nbd2 Be7 11. a4 O-O 12. g4 Bg6 13. Bg2 d5 14.
exd5 Nxd5 15. Nc4 Qc7 16. Nfe5 Nxe5 17. Nxe5 Rad8 18. Nxg6 hxg6 19. Qf3 Rd7 20. Be3 Rfd8 21. Red1 b6 22. d4 cxd4 23. Bxd4 Bf6 24. Bxf6 gxf6 25. Rd4 g5 26. Rad1 Nf4 27. Rxd7 Rxd7 28. Rxd7 Qxd7 29.
Qa8+ Kg7 30. Qxa6 Qd1+ 31. Kh2 Qc2 32. Qxb6 Qxa4 33. b4 Qd1 34. Qd4 Qe1 35. Qe3 Qd1 36.
Qd4 Qb3 37. Qe3 Qb2 38. h4 Qa1 39. hxg5 fxg5 40. Qe5+ f6 41. Qc7+ Kh6 42. Qd8 Qxc3 43. Qh8+ Kg6 44. Qg8+ Kh6 45. Qh8+ Kg6 46. Qg8+ Kh6 47.
Qh8+ 1/2-1/2

[Event "*** Titled Tuesday Blitz"]
[Site "Chess.com"]
[Date "2020.05.19"]
[Round "1"]
[White "A-Fier"]
[Black "VolodymyrMolyboha"]
[Result "0-1"]
[WhiteElo "2732"]
[BlackElo "2415"]
[TimeControl "180+1"]
[EndTime "12:06:39 PDT"]
[Termination "VolodymyrMolyboha won by resignation"]

1. e4 g6 2. d4 Bg7 3. Nf3 d6 4. Bc4 Nf6 5. Qe2 d5 6. exd5 Nxd5 7. h3 O-O 8. O-O b6 9. c3 Bb7 10. Re1 e6 11. Nbd2 Nd7 12. Ne4 h6 13. a4 N7f6 14.
Ng3 a6 15. Ne5 Kh7 16. Bd2 Qd6 17. Rad1 Rad8 18. Bxa6 Bxa6 19. Qxa6 Ra8 20. Qb5 Ra5 21. Qc4 c5 22. dxc5 bxc5 23. b3 Rb8 24. Nxf7 Qc6 25.
Ne5 Qc7 26. Qd3 Ne7 27. c4 Ra6 28. Bf4 Qb7 29. Rb1 Rb6 30. Nf3 Rc8 31. Be5 Nf5 32. Nxf5 exf5 33. a5 Re6 34. Ba1 Ne4 35. Bxg7 Qxg7 36. Ra1 Rd6 37. Qc2 Qf6 38. Red1 Rcd8 39. Rxd6 Qxa1+ 40. Kh2 Rxd6 41. b4 Qd1 42. Qxd1 Rxd1 43.
b5 Ra1 44. a6 Nd6 45. Ne5 Kg7 46. f4 g5 47. g3 Kf6 48. h4 g4 49. Kg2 Ke6 50.
Kf2 Ne4+ 51. Kg2 Ra2+ 52. Kg1 Nxg3 53. Nd3 Kd6 54. Ne5 Ne2+ 55. Kf1 Nxf4 56. Nf7+ Kc7 57.
Nxh6 g3 58. Nxf5 g2+ 59. Kg1 Nh3+ 0-1

[Event "*** Titled Tuesday Blitz"]
[Site "Chess.com"]
[Date "2020.05.19"]
[Round "1"]
[White "GoValya"]
[Black "AttilaTurzo"]
[Result "1-0"]
[WhiteElo "2207"]
[BlackElo "2503"]
[TimeControl "180+1"]
[EndTime "12:06:40 PDT"]
[Termination "GoValya won by resignation"]

1. d4 Nf6 2. c4 e6 3. g3 Bb4+ 4.
Bd2 Qe7 5. Bg2 Nc6 6. Nf3 O-O 7. O-O Bxd2 8. Nbxd2 d6 9. e4 e5 10. d5 Nb8 11. b4 a5 12. a3 Na6 13. Qb3 c6 14. Rac1 Bd7 15. Rfe1 axb4 16. axb4 cxd5 17. exd5 Rfe8 18.
Ng5 b6 19. Nge4 Nxe4 20. Nxe4 f5 21. Nc3 Qd8 22. Ra1 Nc7 23. Na4 Bxa4 24. Rxa4 Rxa4 25. Qxa4 b5 26. cxb5 Qb8 27. Bf1 Nxd5 28. Bc4 Qb7 29.
Qb3 Kh8 30. Bxd5 Qxb5 31. Bc4 Qb6 32. b5 e4 33. Qe3 Qc7 34. Bd5 Re5 35. Bc6 h6 36.
Ra1 Kh7 37. Ra7 Qc8 38. Bd7 Qc2 39. b6 Rc5 40. b7 Qb1+ 41. Kg2 Qb6 42. Bxf5+ Kg8 43. Ra8+ Kf7 44. b8=Q 1-0

[Event "*** Titled Tuesday Blitz"]
[Site "Chess.com"]
[Date "2020.05.19"]
[Round "1"]
[White "ajdemipopushi"]
[Black "Joshukid"]
[Result "1-0"]
[WhiteElo "2284"]
[BlackElo "2550"]
[TimeControl "180+1"]
[EndTime "12:06:41 PDT"]
[Termination "ajdemipopushi won by resignation"]

1. Nf3 Nf6 2. g3 d5 3. c4 d4 4. b4 c5 5. Bg2 Nc6 6. b5 Nb8 7.
O-O g6 8. e3 Bg7 9. exd4 cxd4 10.
d3 O-O 11. a4 Nfd7 12. Nbd2 Nc5 13. Nb3 Nbd7 14. Ba3 Qc7 15. Re1 e5 16. Nxc5 Nxc5 17.
a5 Bf5 18. Nh4 Nxd3 19. Nxf5 Nxe1 20. Ne7+ Kh8 21. Qxe1 Qxc4 22. Bxb7 Rab8 23. a6 Rbe8 24. Bc6 Rd8 25. Nd5 Rxd5 26. Bxd5 Qxd5 27. Bxf8 Bxf8 28.
b6 axb6 29. a7 Qa8 30. Qxe5+ 1-0

[Event "*** Titled Tuesday Blitz"]
[Site "Chess.com"]
[Date "2020.05.19"]
[Round "1"]
[White "pichonazo"]
[Black "TV27"]
[Result "1-0"]
[WhiteElo "2503"]
[BlackElo "2103"]
[TimeControl "180+1"]
[EndTime "12:06:41 PDT"]
[Termination "pichonazo won by resignation"]

1. e4 c5 2. c3 g6 3. d4 b6 4.
Bd3 Bg7 5. Nf3 e6 6. O-O Ne7 7. Nbd2 O-O 8. Qe2 cxd4 9. cxd4 Nbc6 10. Nb3 d5 11. e5 Bd7 12. Bg5 f6 13. exf6 Bxf6 14.
Bxf6 Rxf6 15. Rfe1 Qf8 16. h4 Qh6 17. Rac1 Raf8 18.
Nbd2 Nf5 19. Bxf5 gxf5 20. a3 Kh8 21. b4 Rg8 22. b5 Rfg6 23. g3 Nxd4 24. Qe5+ R8g7 25.
Qxd4 f4 26. Ng5 Rxg5 27. hxg5 Qxg5 28. Nf1 f3 29. Rc7 Qf5 30. Rxd7 e5 31. Rd8+ Rg8 32. Rxe5 Qf6 33. Rxg8+ Kxg8 34. Re8+ Kf7 35. Rf8+ Kxf8 36. Qxf6+ 1-0

[Event "*** Titled Tuesday Blitz"]
[Site "Chess.com"]
[Date "2020.05.19"]
[Round "1"]
[White "florianschwabeneder"]
[Black "Shushik"]
[Result "1-0"]
[WhiteElo "2501"]
[BlackElo "2083"]
[TimeControl "180+1"]
[EndTime "12:06:42 PDT"]
[Termination "florianschwabeneder won by checkmate"]

1. e4 e5 2. Nf3 Nc6 3. Bb5 Nf6 4. d3 d6 5. c3 Be7 6. O-O O-O 7. Re1 Re8 8. h3 h6 9. Nbd2 Bf8 10. d4 a6 11. Bd3 b5 12. a4 b4 13. d5 bxc3 14.
bxc3 Ne7 15. a5 Ng6 16. Nc4 Nd7 17. Bf1 Nc5 18. Ba3 Nd7 19. Ne3 Nf6 20. Qc2 Nf4 21.
Kh2 Bd7 22. g3 Ng6 23. c4 c6 24. dxc6 Bxc6 25. Nd5 Bxd5 26. cxd5 Nd7 27. Qa4 Nc5 28. Bxc5 dxc5 29. Rab1 Bd6 30. Nd2 Bc7 31. Nc4 Nf8 32.
Rb7 Nd7 33. Reb1 Rb8 34. Qc6 Rxb7 35. Rxb7 Bxa5 36. Rxd7 Qb8 37. Nxa5 Qb1 38. Rb7 Qxf1 39. Qxe8+ Kh7 40. Qxf7 Qa1 41. Qxg7# 1-0

[Event "*** Titled Tuesday Blitz"]
[Site "Chess.com"]
[Date "2020.05.19"]
[Round "1"]
[White "PotapovaM"]
[Black "BocharovD"]
[Result "0-1"]
[WhiteElo "2431"]
[BlackElo "2836"]
[TimeControl "180+1"]
[EndTime "12:06:43 PDT"]
[Termination "BocharovD won by resignation"]

1. d4 Nf6 2. c4 e6 3. Nf3 d5 4.
g3 Bb4+ 5. Bd2 Be7 6. Bg2 O-O 7.
O-O Nbd7 8. Qc2 Ne4 9. Bf4 c6 10. Rc1 g5 11. Be3 f5 12. Nc3 Nd6 13. c5 Nc4 14. b3 Nxe3 15. fxe3 g4 16. Ne1 Bg5 17.
Kf2 Nf6 18. Qd2 Ne4+ 19. Bxe4 fxe4+ 20. Kg1 Qf6 21. Ng2 Qf2+ 22. Kh1 Qf6 23. Nf4 e5 24. dxe5 Qxe5 25. Rf1 Bd7 26. Qd4 Qxd4 27. exd4 e3 28. Kg2 b6 29. b4 bxc5 30. bxc5 Bf6 31. Rfd1 Rab8 32. Rd3 Bf5 33. Rdd1 Rb2 34. Rac1 Rb4 35. a3 Rxd4 36. Rxd4 Bxd4 37. Na2 a5 38. Nc3 Rb8 39.
Na4 Rb3 40. Nb6 Rxa3 41. Nbxd5 cxd5 42. c6 Rc3 43. Rd1 Be4+ 44. Kg1 Rxc6 0-1

[Event "*** Titled Tuesday Blitz"]
[Site "Chess.com"]
[Date "2020.05.19"]
[Round "1"]
[White "Korchmar_Vasiliy"]
[Black "Kaua18"]
[Result "1-0"]
[WhiteElo "2626"]
[BlackElo "2327"]
[TimeControl "180+1"]
[EndTime "12:06:44 PDT"]
[Termination "Korchmar_Vasiliy won by resignation"]

1. d4 Nf6 2. c4 e6 3. g3 d5 4.
Bg2 Bb4+ 5. Nd2 Ne4 6. Nf3 dxc4 7.
O-O Nxd2 8. Bxd2 Be7 9. Qa4+ Bd7 10. Qxc4 Bc6 11. Rfd1 O-O 12. Rac1 Nd7 13. Qc2 Nb6 14. e4 Ba4 15. b3 Bc6 16. Ne5 Ba3 17. Nxc6 bxc6 18.
Rb1 Qd7 19. b4 a5 20. bxa5 Nc8 21. Rb3 Qe7 22. Qd3 Rd8 23. Rxa3 e5 24. d5 Nd6 25. Bb4 Rab8 26. Bxd6 Rxd6 27. a6 cxd5 28. exd5 c6 29.
h4 g6 30. Qc3 cxd5 31. Rxd5 Re6 32. a7 Rf8 33. Rb5 1-0

[Event "*** Titled Tuesday Blitz"]
[Site "Chess.com"]
[Date "2020.05.19"]
[Round "1"]
[White "Twitch_ElhamBlitz05"]
[Black "karwowskikacper"]
[Result "1-0"]
[WhiteElo "2764"]
[BlackElo "2406"]
[TimeControl "180+1"]
[EndTime "12:06:45 PDT"]
[Termination "Twitch_ElhamBlitz05 won by resignation"]

1. e4 c5 2. Ne2 Nc6 3. Nbc3 e6 4. d4 cxd4 5. Nxd4 a6 6. Be3 Qc7 7. g4 Bb4 8. Nxc6 dxc6 9. Qd4 Bxc3+ 10. Qxc3 e5 11. O-O-O Bxg4 12. Rd2 Be6 13. Bc5 f6 14. Rg1 Nh6 15. f4 exf4 16. Bd6 Qf7 17. Bxf4 Ng4 18. Bh3 h5 19. Bd6 Rd8 20. Rgd1 Rd7 21. b3 Qg6 22. e5 f5 23. Bf1 Kf7 24. Bc4 Rhd8 25. Kb2 Bxc4 26.
Qxc4+ Qe6 27. Qe2 g6 28. Rd3 Nxe5 29. Bxe5 Rxd3 30. Rxd3 Rxd3 31. cxd3 Qd5 32. d4 c5 33. dxc5 Qxc5 34. h4 Ke6 35. Bd4+ 1-0

[Event "*** Titled Tuesday Blitz"]
[Site "Chess.com"]
[Date "2020.05.19"]
[Round "1"]
[White "GadimbayliA"]
[Black "sari07"]
[Result "1-0"]
[WhiteElo "2847"]
[BlackElo "2437"]
[TimeControl "180+1"]
[EndTime "12:06:46 PDT"]
[Termination "GadimbayliA won by resignation"]

1. e4 e5 2. Nf3 Nc6 3. Nc3 Nf6 4. d4 exd4 5. Nxd4 Bb4 6. Nxc6 bxc6 7. Bd3 d5 8. exd5 O-O 9. O-O Bg4 10. f3 Bh5 11. Bg5 Bxc3 12. bxc3 cxd5 13. Rb1 Qd6 14. Qd2 Bg6 15. Bf4 Qc5+ 16. Kh1 Rab8 17. Bxg6 hxg6 18. Qd4 Qa5 19. Rxb8 Rxb8 20. Be5 Qxa2 21. h3 Rb1 22.
Rxb1 Qxb1+ 23. Kh2 a5 24. Bxc7 Qb5 25. Be5 a4 26. Qa7 Nd7 27. Bd6 Qc6 28. Bb4 Kh7 29.
Qa5 Ne5 30. Qd8 f6 31. Qb8 Nc4 32. Qa7 Qd6+ 33. Bxd6 1-0